Map: Prion Terraces

Players

Reality - Winner!

  • Race: Terran Terran
  • League: Master

BravO

  • Race: Terran Terran
  • League: Platinum

Event: Team Gravity's Tournament of Champions #5

VOD

Have the link to the VOD?

Description

Time

  • Played on: Nov. 15, 2015, 7:11 p.m.
  • Length: 16:38

All games in this series

Show
View Real Time Build Order
Export as new Build Order

Reality Terran - Winner!

Build Orders: 1/1/1, Bio Tank, Banshee Rush 

Get SALT Encoding   

  12  0:00  SCV  
  13  0:12  SCV  
  14  0:17  Supply Depot  
  14  0:24  SCV  
  14  0:27  Refinery  
  15  0:38  SCV  
  16  0:44  Barracks  
  16  0:50  SCV  
  16  0:56  Refinery  
  17  1:02  SCV  
  18  1:15  SCV  
  19  1:31  Reaper, Orbital Command  
  20  1:35  Factory  
  20  1:46  Supply Depot  
  20  1:56  SCV  
  21  2:03  Reaper  
  22  2:08  SCV  
  23  2:21  SCV  
  23  2:22  Hellion, Starport  
  26  2:27  Supply Depot  
  26  2:33  SCV  
  26  2:36  Barracks Tech Lab  
  26  2:43  Hellion  
  28  2:45  SCV  
  29  2:57  SCV  
  30  3:04  Banshee  
  33  3:06  Cloaking Field  
  33  3:08  Barracks Reactor  
  33  3:09  SCV, Widow Mine  
  36  3:14  Supply Depot  
  36  3:21  SCV  
  37  3:33  SCV  
  37  3:39  Command Center  
  37  3:47  Factory Tech Lab, Banshee  
  40  3:53  Supply Depot  
  40  3:54  Marine  
  41  3:57  Marine  
  41  4:02  SCV  
  43  4:06  Siege Tank  
  46  4:12  Marine  
  46  4:15  SCV, Marine  
  49  4:27  SCV  
  49  4:30  Raven, Marine  
  53  4:32  Marine  
  54  4:42  SCV  
  55  4:50  Marine x2  
  55  4:52  Supply Depot, Orbital Command  
  57  4:56  SCV  
  58  5:02  Siege Tank  
  61  5:08  SCV  
  62  5:19  SCV  
  63  5:21  SCV  
  63  5:26  Barracks x2  
  63  5:28  Marine  
  65  5:29  Stimpack  
  65  5:30  Starport Reactor  
  65  5:34  SCV x2  
  65  5:35  Refinery, Engineering Bay  
  67  5:41  Siege Tank  
  70  5:46  Supply Depot, SCV x2, Marine  
  70  5:49  Supply Depot  
  73  5:58  SCV x2  
  73  6:01  Supply Depot  
  73  6:02  Terran Infantry Weapons Level 1  
  73  6:03  Marine  
  76  6:10  SCV  
  76  6:11  SCV  
  78  6:15  Barracks Reactor  
  78  6:16  Marine x2  
  78  6:21  Marine  
  78  6:23  SCV x2  
  78  6:25  Siege Tank  
  84  6:34  Medivac, Marine x2  
  84  6:35  Supply Depot  
  84  6:38  Barracks  
  84  6:39  Marine  
  89  6:44  Barracks  
  85  6:52  Marine x2  
  77  6:56  SCV x2  
  77  6:57  Marine  
  77  6:58  Marine x2  
  72  7:08  SCV  
  72  7:09  SCV  
  72  7:10  Marine x2  
  72  7:15  Marine  
  77  7:16  Marine x2  
  77  7:18  Medivac  
  77  7:21  Medivac  
  80  7:25  Siege Tank  
  80  7:27  Marine  
  80  7:28  Barracks Reactor, Marine  
  85  7:30  Barracks Reactor  
  85  7:32  Marine  
  85  7:33  Marine  
  85  7:36  Refinery, Marine  
  88  7:37  Supply Depot  
  88  7:38  Combat Shields  
  88  7:45  SCV x2  
  88  7:48  Marine  
  88  7:49  Marine  
  88  7:50  Marine  
  93  7:51  Marine  
  93  7:54  Marine  
  93  7:56  Terran Infantry Armor Level 1  
  95  8:02  SCV  
  95  8:03  Supply Depot  
  95  8:04  Marine x2  
  96  8:06  Marine x4  
  96  8:08  Marine  
  96  8:09  Marine  
  96  8:11  Siege Tank  
  105  8:18  Marine  
  106  8:20  Medivac  
  106  8:22  Marine x2  
  106  8:24  Marine x3, Medivac  
  115  8:37  Supply Depot  
  115  8:38  Command Center  
  115  8:39  Marine x3  
  115  8:40  Marine  
  119  8:42  Marine  
  119  8:43  Marine  
  119  8:45  Marine x2  
  119  8:48  Marine  
  125  8:55  Siege Tank  
  125  8:57  Marine  
  125  8:59  Marine x3  
  125  9:00  Marine  
  130  9:03  Marine  
  130  9:04  Marine  
  132  9:12  Medivac  
  134  9:20  Supply Depot  
  134  9:24  Supply Depot  
  134  9:34  Marine  
  134  9:41  Missile Turret  
  134  9:42  Medivac x2, Marine x4  
  142  9:45  Marine x3  
  142  9:48  Marine  
  142  9:52  Marine  
  146  9:54  Siege Tank  
  146  9:59  Marine  
  134  10:20  Marine x2  
  134  10:21  Marine x2  
  121  10:24  Marine x2  
  121  10:25  Marine  
  122  10:28  Siege Tank  
  122  10:33  Medivac x2  
  120  10:39  Marine  
  116  10:48  Marine x2  
  116  10:49  Marine  
  116  10:52  Orbital Command  
  116  10:58  Marine x2  
  116  10:59  Marine  
  116  11:00  Siege Tank, Marine  
  123  11:15  Marine  
  123  11:16  Armory, Engineering Bay, Marine  
  125  11:18  Marine  
  125  11:21  Marine  
  125  11:22  Marine  
  125  11:25  Marine  
  129  11:26  Marine  
  129  11:28  Marine  
  129  11:30  Marine  
  132  11:36  Siege Tank  
  135  11:41  Marine x3  
  135  11:42  Marine  
  135  11:46  Medivac  
  140  12:04  Terran Infantry Weapons Level 2, Terran Infantry Armor Level 2  
  140  12:06  Factory  
  140  12:10  Siege Tank  
  143  12:19  Medivac x2  
  147  12:23  Marine x5  
  147  12:24  Marine x3  
  147  12:27  Marine  
  156  12:34  Orbital Command  
  155  12:41  Marine x6  
  155  12:42  Marine x2  
  162  12:45  Marine  
  163  12:57  Orbital Command  
  155  12:59  Marine  
  154  13:08  Marine x2  
  154  13:10  Marine  
  153  13:15  Marine  
  150  13:25  Marine x3  
  141  13:31  Marine  
  140  13:38  Marine  
  140  13:39  Marine  
  140  13:40  Factory Tech Lab  
  132  13:45  Marine  
  132  13:48  Marine  
  132  14:04  Marine  
  132  14:05  Marine x2  
  132  14:08  Siege Tank x2  
  141  14:16  Marine x4  
  141  14:17  Marine  
  145  14:21  SCV  
  145  14:23  Marine  
  148  14:32  SCV x2  
  148  14:33  SCV  
  151  14:39  Marine  
  151  14:40  Marine x2  
  151  14:42  Marine  
  151  14:43  Marine  
  151  14:48  Siege Tank  
  153  15:01  Sensor Tower  
  153  15:12  Marine x5  
  157  15:29  Marine  
  157  15:39  Orbital Command  
  157  15:42  Marine  
  157  15:43  Marine  
  157  16:02  Marine x3  
  157  16:03  Siege Tank  
  157  16:04  Siege Tank, Marine x3  
  156  16:06  Marine  
  153  16:19  Marine  
Show
View Real Time Build Order
Export as new Build Order

BravO Terran 

Build Orders: 1/1/1, Bio Tank 

Get SALT Encoding   

  12  0:00  SCV  
  13  0:12  SCV  
  14  0:16  Supply Depot  
  14  0:24  SCV  
  15  0:38  SCV, Refinery  
  16  0:44  Barracks  
  16  0:50  SCV  
  17  1:02  SCV  
  18  1:14  SCV  
  19  1:26  SCV  
  19  1:31  Marine  
  21  1:35  Supply Depot, Refinery  
  21  1:39  Orbital Command  
  21  1:42  Factory  
  21  1:49  Marine  
  22  2:04  SCV  
  22  2:07  Marine  
  24  2:16  SCV  
  24  2:19  Supply Depot  
  25  2:24  Marine  
  25  2:26  Factory Tech Lab, Starport  
  25  2:28  SCV  
  27  2:40  SCV  
  27  2:42  Marine  
  29  2:50  Widow Mine  
  31  2:56  Command Center  
  31  2:58  SCV  
  32  3:06  Supply Depot  
  32  3:08  Raven  
  32  3:10  Marine  
  36  3:20  SCV  
  36  3:29  Factory Reactor, Marine  
  36  3:32  SCV  
  38  3:37  Supply Depot  
  38  3:44  SCV  
  38  3:48  Marine  
  40  3:59  SCV  
  40  4:00  Medivac  
  40  4:02  Command Center  
  43  4:08  Orbital Command  
  43  4:15  Siege Tank  
  46  4:21  Engineering Bay  
  46  4:25  SCV  
  46  4:30  Medivac  
  49  4:37  SCV  
  45  4:47  Marine  
  45  4:48  Marine  
  45  4:50  Siege Tank  
  50  4:53  Missile Turret  
  50  5:05  Viking, Orbital Command  
  52  5:07  Missile Turret  
  50  5:15  Orbital Command  
  48  5:22  Marine x2  
  50  5:31  Siege Tank  
  50  5:35  Missile Turret  
  55  5:39  SCV x2  
  57  5:42  Marine  
  57  5:43  Marine  
  59  5:51  Starport Tech Lab  
  59  5:52  SCV  
  59  5:53  SCV x2  
  59  6:05  SCV x2  
  59  6:07  Siege Tank  
  61  6:15  SCV  
  61  6:17  SCV x2  
  64  6:25  Starport Reactor  
  61  6:27  SCV  
  61  6:30  Refinery  
  61  6:31  SCV x2  
  60  6:35  Marine  
  60  6:36  Stimpack  
  60  6:39  SCV, Siege Tank  
  65  6:46  SCV x2  
  63  6:53  Marine  
  63  6:59  SCV  
  63  7:00  SCV  
  61  7:04  SCV  
  61  7:11  SCV, Marine  
  61  7:12  SCV  
  61  7:13  Refinery  
  63  7:16  SCV, Starport Reactor  
  63  7:17  Barracks  
  63  7:21  Barracks  
  58  7:24  SCV x2  
  58  7:28  SCV  
  61  7:32  Siege Tank  
  61  7:33  Barracks, Marine  
  61  7:36  SCV x2, Barracks  
  67  7:40  Terran Infantry Weapons Level 1, SCV, Refinery  
  67  7:43  Supply Depot  
  68  7:48  SCV x2  
  70  7:51  Marine  
  70  7:52  SCV  
  72  7:58  Medivac  
  72  8:01  SCV x2  
  72  8:05  SCV  
  77  8:06  Medivac  
  77  8:09  Marine  
  80  8:16  Marine x2  
  82  8:21  SCV x3  
  82  8:25  Barracks Reactor x2, Marine x2  
  87  8:29  Siege Tank  
  87  8:33  SCV x2  
  91  8:35  Marine x2  
  93  8:47  Supply Depot, Marine  
  93  8:48  Supply Depot  
  93  8:49  Supply Depot  
  93  8:52  Marine  
  93  8:55  Marine  
  93  9:09  Medivac x2, Marine x7  
  104  9:10  Marine  
  104  9:13  Supply Depot x2, Marine  
  106  9:22  Siege Tank  
  109  9:26  Marine x2  
  109  9:29  Marine x6  
  109  9:30  Combat Shields  
  117  9:34  Marine  
  118  9:39  Supply Depot  
  118  9:44  Marine  
  119  9:46  Marine  
  119  9:47  Marine x2  
  119  9:48  Supply Depot  
  122  9:54  Siege Tank  
  122  9:58  Medivac x2  
  122  9:59  Marine x2  
  124  10:05  Terran Infantry Armor Level 1  
  124  10:06  Marine  
  103  10:18  Marine x2  
  93  10:21  Marine x3  
  93  10:26  Siege Tank  
  96  10:32  Marine x4  
  96  10:33  Medivac  
  91  10:43  Marine x2  
  91  10:44  Marine x2  
  91  10:45  Marine  
  88  10:52  Marine x2  
  88  10:55  Orbital Command, Marine  
  88  10:56  Marine  
  92  11:01  Marine  
  93  11:17  Marine x4  
  93  11:18  Marine  
  98  11:21  Marine  
  98  11:24  Marine  
  100  11:26  Marine  
  100  11:31  Marine  
  102  11:35  Marine x4  
  102  11:38  Siege Tank  
  109  11:41  Marine x2  
  109  11:42  Marine  
  109  11:44  Marine  
  113  11:49  Sensor Tower, Marine  
  113  11:53  Marine  
  115  11:58  Marine x2  
  116  12:02  Marine x2  
  116  12:03  Marine x3  
  116  12:07  Marine  
  122  12:11  Marine  
  122  12:12  Siege Tank  
  122  12:13  Supply Depot x2  
  126  12:16  Marine x2  
  126  12:19  Marine x2  
  126  12:20  Marine x2  
  126  12:21  Marine  
  133  12:25  Marine  
  133  12:29  Marine  
  135  12:34  Marine x2  
  137  12:37  Marine  
  137  12:39  Marine x4  
  137  12:43  Marine, Medivac x2  
  137  12:44  Siege Tank  
  150  12:46  Marine  
  143  12:52  Marine x2  
  143  12:55  Marine  
  143  12:57  Marine x4  
  147  13:01  Marine  
  147  13:04  Marine  
  134  13:10  Marine x2  
  107  13:13  Marine  
  94  13:26  Marine  
  91  13:28  Marine  
  90  13:44  Siege Tank  
  93  13:52  Marine x2  
  95  13:57  Marine  
  95  13:58  Marine  
  97  14:11  Marine x2  
  99  14:17  Marine  
  99  14:22  Marine  
  99  14:32  Marine  
  99  14:33  Marine  
  99  14:47  Marine x2  
  101  14:55  Marine  
  97  15:25  Marine x3  
  100  15:36  Marine  
  100  15:49  Marine  

Tags
 
Add a new tag
Caveats
  • Supply blocks, unpowered buildings, or Contaminate may cause inaccurate times.
  • Supply counts are checked every 10 seconds.